AoeStats
← Majfon

Arena

509401822Analyzed
3v3 RM · 7d ago on Sep 26, 2026· 46m 12s· 6 players
Game mode
Random Map
Map size
Normal (6 player)
Population
200
Speed
Normal
Resources
Standard
Victory
Conquest
Starting age
Dark Age
Ending age
Imperial Age
RankedLock teamsTeams togetherTeam positionsShared explorationLock speedFull tech treeHidden civsTurbo modeCheats
Victory
Defeat
🇵🇱 Britons · Poland
1022
+15
🇹🇷 Bohemians · Türkiye
985
+16
🇬🇧 Danes · United Kingdom
980
+16
🇺🇸 Persians · United States
1039
-17
🇲🇽 Bulgarians · Mexico
997
-16
🇻🇪 Chinese · Venezuela
938
-14
cc
10:49 Feudal Age
10:45 Loom
17:17 Castle Age
15:25 Double-Bit Axe
15:27 Horse Collar
20:43 Fervor
20:54 Sanctity
23:12 Murder Holes
25:18 Bow Saw
30:26 Imperial Age
30:08 Chemistry
29:21 Fletching
29:58 Bodkin Arrow
31:06 Ballistics
31:34 Wheelbarrow
36:36 Hand Cart
36:43 Squires
37:05 Heavy Plow
38:11 Bracer
39:45 Two-Man Saw
42:39 Masonry
42:16 Arrowslits
42:37 Siege Engineers
43:19 Arson
44:48 Pikeman
Wololo
10:25 Feudal Age
14:55 Castle Age
13:07 Double-Bit Axe
13:35 Horse Collar
14:14 Loom
26:53 Scale Mail Armor
27:04 Forging
28:09 Chain Mail Armor
28:30 Fletching
30:00 Bow Saw
35:04 Imperial Age
33:48 Iron Casting
35:51 Sanctity
35:45 Fervor
35:26 Arson
35:42 Squires
36:25 Gold Mining
37:10 Plate Mail Armor
38:28 Heavy Plow
Majfon
1:20 Loom
12:11 Feudal Age
16:54 Castle Age
15:23 Horse Collar
15:30 Double-Bit Axe
18:24 Bow Saw
18:15 Fletching
18:25 Padded Archer Armor
20:01 Wheelbarrow
22:31 Bodkin Arrow
24:19 Leather Archer Armor
25:41 Ballistics
26:42 Hand Cart
28:40 Heavy Plow
32:18 Imperial Age
30:50 Gold Mining
30:51 Stone Mining
31:42 Yeomen
32:32 Gold Shaft Mining
35:26 Chemistry
34:47 Bracer
35:17 Ring Archer Armor
35:27 Conscription
35:42 Elite Longbowman
36:50 Murder Holes
37:06 Masonry
38:05 Scale Mail Armor
38:16 Forging
39:09 Warwolf
44:42 Fortified Wall
44:12 Treadmill Crane
45:03 Architecture
45:10 Iron Casting
44:51 Chain Mail Armor
GueroPalma2504
5:17 Loom
12:43 Feudal Age
16:39 Castle Age
15:46 Bloodlines
15:27 Horse Collar
15:58 Double-Bit Axe
18:08 Wheelbarrow
26:20 Fletching
29:54 Imperial Age
30:48 Hand Cart
31:40 Forging
32:20 Gold Mining
32:47 Bow Saw
33:05 Scale Barding Armor
35:38 Chain Barding Armor
36:50 Husbandry
37:16 Heavy Plow
38:38 Stone Mining
40:34 Plate Barding Armor
40:35 Iron Casting
42:28 Blast Furnace
41:00 Elite Skirmisher
42:10 Stirrups
42:30 Bodkin Arrow
42:36 Padded Archer Armor
45:30 Bagains
44:51 Elite Konnik
45:52 Conscription
ThrobbinWood
3:12 Loom
12:16 Feudal Age
16:22 Castle Age
14:59 Double-Bit Axe
17:19 Fletching
29:11 Bodkin Arrow
31:29 Scale Barding Armor
31:50 Forging
33:41 Wheelbarrow
34:12 Bloodlines
34:40 Iron Casting
40:33 Imperial Age
SPARTANTULIO
0:58 Loom
12:46 Feudal Age
17:25 Castle Age
15:59 Fletching
16:47 Horse Collar
16:55 Double-Bit Axe
20:44 Padded Archer Armor
27:42 Wheelbarrow
35:05 Imperial Age
35:38 Ballistics
36:05 Forging
36:08 Bodkin Arrow
35:36 Elite Fire Lancer
37:34 Squires
37:21 Arson
38:44 Man-at-Arms
40:58 Long Swordsman
41:46 Two-Handed Swordsman
42:40 Champion
Connection lost

Rejoining the realm…

Still unreachable

The connection could not be restored.

Session expired

The server has moved on; the page needs a fresh start.